 Dungeon Crawl Stone Soup version 0.30.0-5-g1a98f26d00 (webtiles) character file.

Game seed: 3237254327204596984

141 SnakkuSnakku7 the Trooper (level 5, -1/44 (48) HPs)
             Began as an Armataur Warper on May 9, 2023.
             Slain by Natasha (5 damage)
             ... on level 4 of the Dungeon.
             The game lasted 00:03:02 (2767 turns).

SnakkuSnakku7 the Trooper (Armataur Warper)         Turns: 2767, Time: 00:03:02

HP:   -1/44 (48)    AC:  7    Str: 18    XL:     5   Next: 3%
MP:   7/7           EV:  5    Int: 14    God:
Gold: 204           SH:  0    Dex:  9    Spells: 7/7 levels left

rFire   . . .        a - +0 hand axe
rCold   + . .        (no shield)
rNeg    . . .        w - +0 chain mail
rPois   +            (no helmet)
rElec   .            (no cloak)
rCorr   .            (no gloves)
SInv    .            (no barding)
Will    .....        z - amulet of the acrobat Stlth
                     n - ring of poison resistance
HPRegen 0.27/turn    s - ring of protection from cold
MPRegen 0.10/turn

%: acrobat, roll
@: drained
A: large, rugged brown scales 3, deformed body, armoured tail, roll, long
tongue, awkward tongue
a: no special abilities


You were on level 4 of the Dungeon.
You visited 1 branch of the dungeon, and saw 4 of its levels.

You collected 204 gold pieces.

Inventory:

Hand Weapons
 a - a +0 hand axe (weapon)
Missiles
 d - 7 boomerangs of dispersal (quivered)
Armour
 b - a +0 leather armour
 w - a +0 chain mail (worn)
 y - a +0 cloak
Jewellery
 n - a ring of poison resistance (left hand)
 s - a ring of protection from cold (right hand)
 z - an amulet of the acrobat (around neck)
 C - a +6 ring of dexterity
Wands
 u - a wand of paralysis (4)
Scrolls
 c - 2 scrolls of blinking
 e - a scroll of magic mapping
 f - a scroll of immolation {unknown}
 g - 10 scrolls of identify {unknown}
 h - a scroll of vulnerability {unknown}
 i - 2 scrolls of fog {unknown}
 l - a scroll of noise {unknown}
 p - a scroll of enchant weapon {unknown}
 t - a scroll of enchant armour {unknown}
 x - a scroll of amnesia {unknown}
 B - a scroll of acquirement {unknown}
Potions
 j - a potion of haste {unknown}
 k - 3 potions of heal wounds {unknown}
 m - a potion of berserk rage {unknown}
 o - a potion of lignification {unknown}
 q - a potion of might {unknown}
 r - a potion of resistance {unknown}
 v - a potion of brilliance {unknown}
 A - a potion of degeneration {unknown}
 D - a potion of mutation {unknown}


   Skills:
 + Level 3.5 Fighting
 + Level 3.2 Axes
 - Level 0.8 Throwing
 - Level 1.2 Armour
 - Level 1.3 Dodging
 - Level 1.7 Spellcasting
 - Level 3.0 Translocations


You had 7 spell levels left.
You didn't know any spells.
Your spell library contained the following spells:

 Spells                   Type           Power      Damage    Failure   Level
 Blink                    Tloc           18%        N/A       73%         2
 Lesser Beckoning         Tloc           18%        N/A       73%         2
 Teleport Other           Tloc           9%         N/A       91%         3
 Vhi's Electric Charge    Tloc/Air       10%        N/A       99%         3
 Manifold Assault         Tloc           9%         N/A       100%        4
 Petrify                  Tmut/Erth      1%         N/A       100%        4
 Metabolic Englaciation   Hex/Ice        0%         N/A       100%        5
 Statue Form              Tmut/Erth      0%         N/A       100%        6


Dungeon Overview and Level Annotations

Branches:
Dungeon (4/15)
 Temple: D:4-7

Altars:
Dithmenos
Gozag
Makhleb
Nemelex Xobeh
Okawaru
Uskayaw
Xom

Annotations:
D:4 Natasha


Innate Abilities, Weirdness & Mutations

You are completely covered in rugged brown scales. (AC +3, +7% HP)
Armour fits poorly on your strangely shaped body.
You have a long armoured tail.
You roll when moving toward enemies. (Rampage)
Your long tongue fully drains potion bottles. (2x potion effects)
Your tongue gives you trouble enunciating. (1.5x scroll delay)


Message History

You feel sick. The adder bites you but does no damage. The adder bites you.
The cerulean imp hits you with a +2 spear.
Unknown command.
You hit the adder.
The adder is heavily wounded.
You barely miss the cerulean imp. You hit Natasha.
You feel sick. The adder bites you.
Natasha casts a spell.
The cerulean imp hits you with a +2 spear.
You are too injured to fight recklessly!
Unknown command.
You are too injured to fight recklessly!
Unknown command.
You are too injured to fight recklessly!
You barely miss Natasha.
Natasha is moderately wounded.
You closely miss the adder. You hit the cerulean imp.
You feel sick.
You are no longer poisoned.
The adder bites you but does no damage.
Natasha stares at you and mumbles some strange words.
The magic dart hits you.
The cerulean imp hits you with a +2 spear.
* * * LOW HITPOINT WARNING * * *
The adder bites you but does no damage.
The cerulean imp hits you from afar with a +0 spear.
* * * LOW HITPOINT WARNING * * *
You barely miss Natasha.
Natasha is moderately wounded.
You completely miss the cerulean imp. You barely miss the adder.
Natasha claws you.
* * * LOW HITPOINT WARNING * * *
The adder bites you but does no damage.
The cerulean imp hits you with a +2 spear.
* * * LOW HITPOINT WARNING * * *
The cerulean imp barely misses you.
You miss Natasha.
Natasha is moderately wounded.
You closely miss the cerulean imp. You closely miss the adder.
The adder bites you but does no damage. Natasha claws you.
You die...

.......!#
........#
........#
........#
........#
.......5#
......5S#
#.h@#
#...#
#.#..#
#.#... #
##...
#.#..
#.##..
#...#.#
#....#
######


You could see Natasha, 2 cerulean imps and an adder.

Vanquished Creatures
  4 adders (D:2)
  3 dart slugs
  3 orcs (D:3)
  9 endoplasms
  3 giant cockroaches
  18 goblins
  13 hobgoblins
  3 quokkas
  11 ball pythons
  3 bats
  6 frilled lizards
  3 kobolds
  3 rats (D:3)
82 creatures vanquished.

Notes
Turn   | Place    | Note
-------+----------+-------------------------------------------
     0 | D:1      | SnakkuSnakku7 the Armataur Warper began the quest for the
                  | Orb.
     0 | D:1      | Reached XP level 1. HP: 18/18 MP: 3/3
    87 | D:1      | Reached XP level 2. HP: 22/25 MP: 4/4
   362 | D:1      | Reached XP level 3. HP: 32/32 MP: 5/5
   885 | D:2      | Reached XP level 4. HP: 32/40 MP: 6/6
  1826 | D:3      | Found a shadowy altar of Dithmenos.
  1855 | D:3      | Found an iron altar of Okawaru.
  1855 | D:3      | Found a hide-covered altar of Uskayaw.
  1855 | D:3      | Found a sparkling altar of Nemelex Xobeh.
  1856 | D:3      | Found an opulent altar of Gozag.
  2324 | D:3      | Reached XP level 5. HP: 44/48 MP: 7/7
  2406 | D:3      | Found a shimmering altar of Xom.
  2406 | D:3      | Found a burning altar of Makhleb.
  2753 | D:4      | Noticed Natasha
  2767 | D:4      | Slain by Natasha

Illustrated notes

Levels and vault maps discovered:
D:1:      ncdulo_wetmaze, layout_loops_cross
D:2:      cheibrodos_greedy_goblins, layout_rooms
D:3:      layout_basic, grunt_temple_overflow_champion_of_chaos,
          grunt_temple_overflow_open
D:4:      wander_river, layout_basic, nicolae_tso_carved_into_rock,
          uniq_natasha, uniq_ijyb

Skill      XL: |  1  2  3  4 |
---------------+-------------+-----
Fighting       | 2 3 |  3.5
Axes           | 2 3 |  3.2
Throwing       | |  0.8
Armour         | |  1.2
Dodging        | |  1.3
Spellcasting   | |  1.7
Translocations | |  3.0

Action                     |  1- 3 |  4- 6 || total
---------------------------+-------+-------++-------
  Melee: Hand axe          |   102 |   144 ||   246
         Tailslap          |     7 |    13 ||    20
         Punch             |     2 |     1 ||     3
    Use: Scroll            |       |     2 ||     2
 Armour: Leather armour    |    33 |    30 ||    63
         Chain mail        |       |    47 ||    47
  Dodge: Dodged            |    48 |    57 ||   105
